 Dungeon Crawl Stone Soup version 0.20.1-1-g8b1a95d (webtiles) character file.

31353 KoningWillie the Carver (level 13, -2/116 HPs)
             Began as a Minotaur Fighter on Oct 29, 2017.
             Was an Initiate of Gozag.
             Slain by an 11-headed hydra (4 damage)
             ... on level 15 of the Dungeon.
             The game lasted 00:44:48 (14206 turns).

KoningWillie the Carver (Minotaur Fighter)         Turns: 14206, Time: 00:45:18

Health: -2/116     AC: 20    Str: 26    XL:     13   Next: 25%
Magic:  15/15      EV:  2    Int:  5    God:    Gozag
Gold:   1439       SH:  0    Dex: 10    Spells: 12/12 levels left

rFire    . . .     SeeInvis .   i - +4 long sword (slice)
rCold    . . .     Gourm    .   c - +0 shield
rNeg     + + +     Faith    .   b - +1 scale mail
rPois    ∞         Spirit   .   (helmet restricted)
rElec    .         Reflect  +   (no cloak)
rCorr    .         Harm     .   e - +2 pair of gloves
MR       .....                  (no boots)
Stlth    ..........             K - +5 amulet of reflection
Regen    0.3/turn               B - +2 ring of protection
MPRegen  0.2/turn               F - +5 ring of protection

@: petrified
A: retaliatory headbutt, horns 2
a: Potion Petition, Call Merchant, Bribe Branch, Renounce Religion


You were on level 15 of the Dungeon.
You worshipped Gozag.
Gozag was most pleased with you.
You were full.

You visited 1 branch of the dungeon, and saw 15 of its levels.
You also visited: Ossuary.

You collected 3422 gold pieces.
You spent 1172 gold pieces at shops.
You paid 811 gold pieces to Gozag.

Inventory:

Hand Weapons
 i - a +4 long sword of slicing (weapon)
Armour
 b - a +1 scale mail (worn)
 c - a +0 shield (worn)
 e - a +2 pair of gloves (worn)
Jewellery
 B - a +2 ring of protection (left hand)
 F - a +5 ring of protection (right hand)
 K - a +5 amulet of reflection (around neck)
Wands
 j - a wand of lightning (0/15)
 m - a wand of iceblast (4/15)
 C - a wand of iceblast (0/15)
 I - a wand of paralysis (12/24)
 J - a wand of polymorph (18/24)
 L - a wand of flame (22/48)
Scrolls
 k - 11 scrolls of remove curse
 n - 6 scrolls of magic mapping
 y - a scroll of fear
 z - 2 scrolls of amnesia
 A - 8 scrolls of teleportation
 H - 3 scrolls of enchant armour
Potions
 d - 3 potions of might
 g - a potion of heal wounds
 l - 4 potions of agility
 o - 2 potions of flight
 q - 2 potions of mutation
 s - 5 potions of ambrosia
 t - a potion of haste
 u - 9 potions of curing
 w - a potion of brilliance
 x - 4 potions of lignification
 D - 2 potions of invisibility
 E - a potion of magic
 G - a potion of berserk rage {unknown}
Comestibles
 f - 2 bread rations
 h - 2 royal jellies
 p - 17 fruits
 v - a meat ration


   Skills:
 + Level 11.6 Fighting
 + Level 14.8 Long Blades
 + Level 10.2 Armour
 + Level 7.4 Dodging
 + Level 2.2 Stealth
 + Level 13.8 Shields
 + Level 4.0 Evocations


You had 12 spell levels left.
You didn't know any spells.

Dungeon Overview and Level Annotations

Branches:
Dungeon (15/15)            Temple (0/1) D:4             Orc (0/2) D:12
 Vaults (0/5) D:13
   Lair: D:8-11      Depths: D:15

Altars:
Ashenzari
Gozag
Kikubaaqudgha
Okawaru
Qazlal
Ru
Trog
Yredelemnul
The Shining One

Shops:
D:5 }   D:6 ?   D:14 ?

Portals:
Trove: D:10 (give +3 shadow dragon scales)

Annotations:
D:7 Joseph


Innate Abilities, Weirdness & Mutations

You reflexively headbutt those who attack you in melee.
You have a pair of horns on your head.


Message History

* * * LOW HITPOINT WARNING * * *
The 11-headed hydra barely misses you.
The 11-headed hydra bites you but does no damage. x2
The 11-headed hydra bites you.
* * * LOW HITPOINT WARNING * * *
The 11-headed hydra barely misses you. The 11-headed hydra bites you.
The 11-headed hydra bites you!
* * * LOW HITPOINT WARNING * * *
The 11-headed hydra bites you.
* * * LOW HITPOINT WARNING * * *
The 11-headed hydra bites you but does no damage.
The 11-headed hydra bites you.
* * * LOW HITPOINT WARNING * * *
The basilisk gazes at you.
You easily resist.
The 11-headed hydra bites you.
* * * LOW HITPOINT WARNING * * *
The 11-headed hydra bites you but does no damage. x2
The 11-headed hydra bites you!
You die...
Your body crumbles into a pile of gold.

#....................#
....................##
####......###......##
#....... ###....##
#.........##......##
#.##...........##..#
.. ###..........#..#
#......lD..#..##
##......@.......
#.###.......... #..
###$....... ..
##....... .......
#.....# .....# .....#


You could see a 11-headed hydra and a basilisk.

Vanquished Creatures
  Snorg (D:12)
  2 vault guards
  A hydra (D:10)
  8 two-headed ogres
  An unseen horror (D:11)
  A deep elf archer (D:13)
  2 necromancers (D:13)
  2 wizards
  A deep elf mage (D:14)
  A wolf spider zombie (D:15)
  An ugly thing (D:11)
  3 manticores
  2 cyclopes
  A centaur zombie (D:15)
  A gargoyle (D:13)
  4 trolls
  2 tengu conjurers (D:15)
  A harpy zombie (D:12)
  2 hippogriffs
  23 yaks
  A wyvern (D:12)
  A vampire (D:12)
  19 humans (D:13)
  2 hungry ghosts
  A warg (D:11)
  A soldier ant (shapeshifter) (D:14)
  A porcupine (D:9)
  3 black bears
  2 sky beasts
  4 ice beasts
  3 phantoms
  An eye of draining (D:12)
  10 orc warriors
  4 ogres
  3 centaurs
  3 necrophages
  4 big kobolds
  7 bullfrogs
  A water moccasin zombie (D:11)
  2 water moccasin skeletons
  4 scorpions
  6 killer bees (D:13)
  4 wights (D:15)
  A howler monkey (D:5)
  7 crimson imps
  A quasit (D:11)
  2 jellies
  2 bullfrog zombies
  7 hounds
  8 orc priests
  3 centaur skeletons
  8 orc wizards
  A bullfrog skeleton (D:11)
  4 iguanas
  7 worker ants
  Natasha (thrice) (D:4)
  A hound zombie (D:6)
  5 mummies (Ossuary)
  Robin (D:3)
  7 gnolls
  9 adders
  5 shadow imps
  2 oozes (D:2)
  3 worms
  2 dart slugs
  2 leopard geckos
  39 orcs
  4 giant cockroaches
  4 gnoll zombies
  15 goblins
  9 hobgoblins
  9 quokkas
  2 ball pythons
  6 bats
  7 frilled lizards
  2 goblin zombies (D:7)
  2 hobgoblin zombies (Ossuary)
  A jackal skeleton (D:4)
  21 kobolds
  3 kobold zombies (Ossuary)
  A leopard gecko skeleton (D:8)
  A leopard gecko zombie (D:7)
  An orc zombie (Ossuary)
  7 rats
372 creatures vanquished.

Vanquished Creatures (others)
  A centaur warrior (D:14)
  A cyclops (D:12)
  A wizard (D:5)
  5 centaurs
8 creatures vanquished.

Grand Total: 380 creatures vanquished

Notes
Turn   | Place    | Note
-------+----------+-------------------------------------------
     0 | D:1      | KoningWillie the Minotaur Fighter began the quest for the Orb.
     0 | D:1      | Reached XP level 1. HP: 19/19 MP: 0/0
    73 | D:1      | Reached XP level 2. HP: 21/27 MP: 1/1
   442 | D:1      | Reached XP level 3. HP: 33/33 MP: 2/2
   682 | D:2      | Reached skill level 3 in Long Blades
   769 | D:2      | Reached XP level 4. HP: 39/40 MP: 3/3
  1262 | D:3      | Noticed Robin
  1282 | D:3      | Killed Robin
  1285 | D:3      | Reached skill level 4 in Long Blades
  1537 | D:3      | Reached XP level 5. HP: 45/47 MP: 4/4
  1544 | D:3      | Found a basalt altar of Yredelemnul.
  1703 | D:3      | You fall through a shaft!
  1927 | D:3      | Found an opulent altar of Gozag.
  1933 | D:3      | Became a worshipper of Gozag Ym Sagoz the Greedy
  2061 | D:4      | Reached skill level 1 in Dodging
  2139 | D:4      | Noticed Natasha
  2527 | D:4      | Reached XP level 6. HP: 50/53 MP: 5/5
  2548 | D:4      | Reached skill level 5 in Long Blades
  2548 | D:4      | Reached skill level 5 in Shields
  2884 | D:4      | Killed Natasha
  2983 | D:4      | Reached skill level 5 in Armour
  2991 | D:4      | Noticed Natasha
  2998 | D:4      | Killed Natasha
  3033 | D:4      | Found a staircase to the Ecumenical Temple.
  3143 | D:4      | Noticed Natasha
  3148 | D:4      | Killed Natasha
  3302 | D:5      | Entered Level 5 of the Dungeon
  3424 | D:5      | Found a bloodstained altar of Trog.
  3427 | D:5      | Noticed a wizard
  3432 | D:5      | Killed a wizard
  3605 | D:5      | Reached XP level 7. HP: 60/60 MP: 6/6
  3813 | D:5      | Found an iron altar of Okawaru.
  3844 | D:5      | HP: 2/60 [orc/club (2)]
  3855 | D:5      | Reached skill level 5 in Fighting
  4058 | D:5      | Found Fuexteal's Gadget Shop.
  4201 | D:5      | Bought a wand of iceblast (8/15) for 144 gold pieces
  4326 | D:5      | Reached skill level 6 in Long Blades
  4493 | D:6      | Noticed a two-headed ogre
  4499 | D:6      | Killed a two-headed ogre
  4499 | D:6      | Reached skill level 7 in Long Blades
  4499 | D:6      | Reached skill level 1 in Stealth
  4499 | D:6      | Reached XP level 8. HP: 50/70 MP: 7/7
  4779 | D:6      | Found Ciwediut's Magic Scroll Emporium.
  4799 | D:6      | Bought a scroll of recharging for 114 gold pieces
  4799 | D:6      | Bought a scroll of identify for 24 gold pieces
  4799 | D:6      | Bought a scroll of recharging for 114 gold pieces
  4799 | D:6      | Bought a scroll of identify for 24 gold pieces
  4799 | D:6      | Bought a scroll of identify for 24 gold pieces
  4902 | D:6      | Bought a scroll of blinking for 90 gold pieces
  4902 | D:6      | Bought a scroll of teleportation for 36 gold pieces
  4985 | D:7      | Reached skill level 1 in Evocations
  4997 | D:7      | Found a sand-covered staircase.
  5020 | Ossuary  | Entered an ossuary
  5182 | Ossuary  | Reached skill level 8 in Long Blades
  5363 | D:7      | Found a sacrificial altar of Ru.
  5564 | D:7      | Noticed Joseph
  5719 | D:8      | Found a shattered altar of Ashenzari.
  5766 | D:8      | Noticed a two-headed ogre
  5777 | D:8      | Killed a two-headed ogre
  5777 | D:8      | Reached skill level 9 in Long Blades
  5777 | D:8      | Reached XP level 9. HP: 67/78 MP: 8/8
  5949 | D:8      | Found a stormy altar of Qazlal.
  6434 | D:9      | Found a glowing golden altar of the Shining One.
  6465 | D:9      | Reached skill level 10 in Long Blades
  6783 | D:9      | Reached XP level 10. HP: 52/86 MP: 10/10
  7085 | D:9      | Noticed a frost giant
  7115 | D:10     | Entered Level 10 of the Dungeon
  7130 | D:10     | Reached skill level 11 in Long Blades
  7372 | D:10     | Noticed a two-headed ogre
  7393 | D:10     | Killed a two-headed ogre
  7749 | D:10     | Noticed a four-headed hydra
  7760 | D:10     | Killed a seven-headed hydra
  7970 | D:10     | Reached skill level 12 in Long Blades
  8073 | D:10     | Noticed a two-headed ogre
  8097 | D:10     | Killed a two-headed ogre
  8097 | D:10     | Reached XP level 11. HP: 95/95 MP: 11/11
  8251 | D:10     | Noticed a vault guard
  8270 | D:10     | Killed a vault guard
  8270 | D:10     | Reached skill level 10 in Shields
  8352 | D:10     | Found a portal to a secret trove of treasure.
  8597 | D:11     | Noticed a two-headed ogre
  8609 | D:11     | Killed a two-headed ogre
  8619 | D:11     | Reached skill level 5 in Dodging
  8624 | D:11     | Noticed a two-headed ogre
  8826 | D:11     | Killed a two-headed ogre
  8832 | D:11     | Noticed a two-headed ogre
  8836 | D:11     | Killed a two-headed ogre
  8836 | D:11     | Reached skill level 13 in Long Blades
  9183 | D:11     | Noticed a white ugly thing
  9191 | D:11     | Killed a white ugly thing
  9267 | D:11     | Killed an unseen horror
  9267 | D:11     | Reached skill level 10 in Fighting
  9284 | D:11     | Noticed a cyan ugly thing
 10208 | D:12     | Reached XP level 12. HP: 106/106 MP: 1/13
 10309 | D:12     | Found a staircase to the Orcish Mines.
 10684 | D:12     | Noticed Snorg
 11183 | D:12     | Killed Snorg
 12230 | D:13     | Reached skill level 10 in Armour
 12231 | D:13     | Paralysed by a centaur for 6 turns
 12235 | D:13     | Noticed a vault guard
 12275 | D:13     | Reached skill level 14 in Long Blades
 12286 | D:13     | Killed a vault guard
 12641 | D:13     | Found a gate to the Vaults.
 12869 | D:14     | Noticed a centaur warrior
 12878 | D:14     | Killed a centaur warrior
 12966 | D:14     | Found an ancient bone altar of Kikubaaqudgha.
 13041 | D:14     | Reached XP level 13. HP: 79/116 MP: 15/15
 13375 | D:14     | Bought a scroll of identify for 28 gold pieces
 13375 | D:14     | Bought a scroll of identify for 28 gold pieces
 13375 | D:14     | Bought a scroll of recharging for 133 gold pieces
 13375 | D:14     | Bought a scroll of teleportation for 42 gold pieces
 13375 | D:14     | Bought a scroll of brand weapon for 280 gold pieces
 13379 | D:14     | Bought a scroll of fear for 49 gold pieces
 13379 | D:14     | Bought a scroll of teleportation for 42 gold pieces
 13545 | D:15     | Entered Level 15 of the Dungeon
 14205 | D:15     | HP: 4/116 [11-headed hydra (2)]
 14206 | D:15     | Slain by an 11-headed hydra

Skill      XL: |  1  2  3  4  5  6  7  8  9 10 11 12 |
---------------+-------------------------------------+-----
Armour         | 4 5 7 8 9 10 | 10.2
Fighting       | 4 5 6 7 8 10 11 | 11.6
Shields        | 4 5 6 7 8 9 11 13 | 13.8
Long Blades    | 3 4 5 7 9 10 12 13 14 | 14.8
Dodging        | 1 2 3 4 5 7 |  7.4
Stealth        | 1 2 |  2.2
Evocations     | 1 2 3 4 |  4.0

Action                   |  1- 3 |  4- 6 |  7- 9 | 10-12 | 13-15 || total
-------------------------+-------+-------+-------+-------+-------++-------
Melee: Long sword        |    89 |   145 |   247 |   744 |   124 ||  1349
       Headbutt          |    13 |    25 |    54 |   181 |    42 ||   315
Invok: Call Merchant     |       |       |       |       |     1 ||     1
Evoke: Wand              |       |       |     8 |    47 |     4 ||    59
  Use: Scroll            |     4 |    11 |    12 |    15 |     9 ||    51
       Potion            |       |       |     1 |     5 |       ||     6
 Stab: Distracted        |       |       |       |     2 |     1 ||     3
  Eat: Bread ration      |       |     2 |       |     1 |     2 ||     5
       Meat ration       |       |       |     2 |     4 |       ||     6
Armor: Scale mail        |    52 |    86 |   100 |   213 |    98 ||   549
Dodge: Dodged            |    38 |    65 |    63 |   186 |    75 ||   427
Block: Shield            |    69 |    95 |   129 |   432 |   109 ||   834
       Reflection        |       |       |       |    43 |    12 ||    55
       Rpst.: Long sword |     5 |    22 |    19 |    53 |     5 ||   104
